AoeStats
← wxm

Arabian Desert

509362066Analyzed
1v1 RM · 6d ago on Sep 26, 2026· 32m 8s· 2 players
Game mode
Random Map
Map size
Tiny (2 player)
Population
200
Speed
Normal
Resources
Standard
Victory
Conquest
Starting age
Dark Age
Ending age
Imperial Age
RankedLock teamsTeams togetherTeam positionsShared explorationLock speedFull tech treeHidden civsTurbo modeCheats
Victory
Defeat
🇷🇴 Cumans · Romania
418
+14
🇨🇳 Spanish · China
382
-14
wxm
11:20 Feudal Age
13:25 Wheelbarrow
12:45 Horse Collar
22:57 Castle Age
22:09 Man-at-Arms
23:46 Scale Barding Armor
23:41 Scale Mail Armor
23:42 Padded Archer Armor
23:33 Fletching
23:54 Forging
24:00 Stone Mining
25:48 Chain Mail Armor
26:40 Long Swordsman
28:45 Double-Bit Axe
Intrusul
2:53 Loom
10:57 Feudal Age
12:33 Wheelbarrow
16:57 Horse Collar
17:04 Double-Bit Axe
17:55 Town Watch
19:45 Forging
19:38 Scale Mail Armor
27:15 Castle Age
27:17 Capped Ram
28:14 Chain Mail Armor
28:35 Iron Casting
28:48 Squires
28:11 Pikeman
28:36 Arson
Connection lost

Rejoining the realm…

Still unreachable

The connection could not be restored.

Session expired

The server has moved on; the page needs a fresh start.